 Dungeon Crawl Stone Soup version 0.16.1-28-gcc2312f (webtiles) character file.

114 Strung the Shooter (level 4, 0/30 HPs)
             Began as a High Elf Hunter on May 31, 2015.
             Killed from afar by an orc wizard (8 damage)
             ... with a puff of flame
             ... on level 3 of the Dungeon.
             The game lasted 00:38:55 (3408 turns).

Strung the Shooter (High Elf Hunter)                Turns: 3408, Time: 00:38:55

Health: 0/30       AC:  6    Str: 11    XL:     4   Next: 67%
Magic:  7/7        EV: 13    Int: 14    God:
Gold:   169        SH:  0    Dex: 17    Spells: 0 memorised, 3 levels left

rFire  . . .     SeeInvis .     l - -3 short sword (curse)
rCold  . . .     Clarity  +     f - +1 leather armour {rPois}
rNeg   . . .     SustAb   .     (no shield)
rPois  +         Gourm    .     j - +0 helmet
rElec  .         Spirit   .     k - +0 cloak
rCorr  .         Warding  .     (no gloves)
rMut   .         Stasis   .     (no boots)
MR     .....                    e - amulet of clarity
Stlth  ++........               (no ring)
                                (no ring)

@: not resistant to hostile enchantments, unstealthy
A: no striking features
a: no special abilities


You were on level 3 of the Dungeon.
You were not hungry.

You visited 1 branch of the dungeon, and saw 3 of its levels.

You collected 169 gold pieces.

Inventory:

Hand weapons
 a - a +0 short sword
 b - a +1 shortbow
 l - a cursed -3 short sword (weapon)
Missiles
 c - 78 arrows
Armour
 f - a +1 leather armour of poison resistance (worn)
 j - a +0 helmet (worn)
 k - a +0 cloak (worn)
Jewellery
 e - an amulet of clarity (around neck)
Magical devices
 p - a wand of random effects (23)
Scrolls
 g - a scroll of recharging
Potions
 d - a potion of heal wounds {unknown}
 h - a potion of lignification
 m - a potion of curing
 n - a potion of restore abilities {unknown}
Comestibles
 s - a slice of pizza


   Skills:
 + Level 2.4 Fighting
 + Level 0.2 Short Blades
 + Level 6.7 Bows
 + Level 1.5 Armour
 + Level 2.8 Dodging
 + Level 1.6 Stealth


You had 3 spell levels left.
You didn't know any spells.

Dungeon Overview and Level Annotations

Branches:
Dungeon (3/15)

Altars:
Cheibriados


Message History

You hit the orc.
The orc is almost dead.
You miss something. You miss something. Something barely misses you.
You closely miss something. Something hits you.
Something hits you but does no damage.
You hit something but do no damage. Something hits you.
You barely miss something. Something hits you.
Press: ? - help, v - describe, . - travel The floor.
You hit something. Something hits you but does no damage. Something hits you.
You hear some strange, mumbled words.
The magic dart hits you!
* * * LOW HITPOINT WARNING * * *
Something hits you but does no damage.
You hear some strange, mumbled words.
The puff of frost misses you.
You hear some strange, mumbled words.
The puff of flame hits you!
You die...

## #...#o#####.#......<...#.#
#...#.......[..#.).....#.# .
##oo.#.#####.####.........#
g##....#o#####.#......#######
###o..##.....#.#.####.#
##o...######.#.# #.# .....##
#.#.. #.# !...##
#.########.## ...##
#.#..@......# .###
#.#.######### ## #.#.# #.#o#
.# #.#.# .# #o#.# ...# #.#.#
### .### #.#.####.# >#
#.#(..o..#


There were no monsters in sight!

Vanquished Creatures
  Robin (D:2)
  An adder (D:2)
  2 worms (D:2)
  An ooze (D:2)
  An orc (D:3)
  3 ball pythons
  11 bats
  6 giant cockroaches
  16 goblins
  7 hobgoblins
  5 jackals (D:1)
  4 giant newts
  7 kobolds
  2 quokkas
  11 rats
78 creatures vanquished.

Vanquished Creatures (others)
  An orc (D:3)
1 creature vanquished.

Grand Total: 79 creatures vanquished

Notes
Turn   | Place    | Note
--------------------------------------------------------------
     0 | D:1      | Strung, the High Elf Hunter, began the quest for the Orb.
     0 | D:1      | Reached XP level 1. HP: 14/14 MP: 2/2
    81 | D:1      | Reached XP level 2. HP: 19/19 MP: 3/3
   323 | D:1      | Reached skill level 6 in Bows
   675 | D:1      | Reached XP level 3. HP: 24/24 MP: 5/5
  1173 | D:2      | Reached skill level 1 in Armour
  1239 | D:2      | Found a snail-covered altar of Cheibriados.
  1392 | D:2      | Reached XP level 4. HP: 6/30 MP: 7/7
  1624 | D:2      | Noticed Robin
  1714 | D:2      | Killed Robin
  1983 | D:2      | HP: 1/30 [hobgoblin/spear (1)]
  3408 | D:3      | Killed from afar by an orc wizard

Action                   |  1- 3 |  4- 6 || total
-------------------------+-------+-------++-------
Melee: Short sword       |    57 |   172 ||   229
 Fire: Shortbow          |   111 |     9 ||   120
Evoke: Wand              |       |     2 ||     2
  Use: Scroll            |     2 |     5 ||     7
       Potion            |       |     3 ||     3
  Eat: Pizza             |     1 |       ||     1
       Chunk             |       |     2 ||     2
       Bread ration      |       |     1 ||     1
